 Dungeon Crawl Stone Soup version 0.30.1-3-gfc49f6343a (webtiles) character file.

Game seed: 5888904163223192815

97 Martska the Trooper (level 4, -7/48 HPs)
             Began as an Ogre Gladiator on July 19, 2023.
             Mangled by an ogre
             ... wielding a +0 giant spiked club
              (24 damage)
             ... on level 3 of the Dungeon.
             The game lasted 00:03:09 (1957 turns).

Martska the Trooper (Ogre Gladiator)                Turns: 1957, Time: 00:03:09

Health: -7/48      AC:  3    Str: 20    XL:     4   Next: 68%
Magic:  4/4        EV: 10    Int:  9    God:
Gold:   102        SH:  0    Dex: 10    Spells: 3/3 levels left

rFire   . . .        l - +0 whip (elec)
rCold   . . .        (no shield)
rNeg    . . .        q - +0 robe {Archmagi}
rPois   +            c - +0 hat
rElec   .            (no cloak)
rCorr   .            (gloves unavailable)
SInv    .            (boots unavailable)
Will    +....        (no amulet)
Stlth   +            h - ring of poison resistance
HPRegen 0.28/turn    o - ring of willpower
MPRegen 0.09/turn

%: archmagi
@: no status effects
A: large, unfitting armour, tough skin 1
a: no special abilities


You were on level 3 of the Dungeon.
You visited 1 branch of the dungeon, and saw 3 of its levels.

You collected 102 gold pieces.

Inventory:

Hand Weapons
 a - a +0 flail
 l - a +0 whip of electrocution (weapon)
 x - the +1 spear of Dibbeheo {protect, rC+ rN+ rCorr}
   (You found it on level 2 of the Dungeon)

   rC:        It protects you from cold.
   rN:        It protects you from negative energy.
   rCorr:     It protects you from acid and corrosion.
Missiles
 d - 2 throwing nets (quivered)
Armour
 b - a +0 robe
 c - a +0 hat (worn)
 q - a +0 robe of the Archmagi (worn)
Jewellery
 h - a ring of poison resistance (left hand)
 o - a ring of willpower (right hand)
 p - an amulet of guardian spirit
Scrolls
 g - a scroll of fog {unknown}
 i - a scroll of magic mapping {unknown}
 j - a scroll of enchant weapon {unknown}
 m - a scroll of poison {unknown}
 n - 2 scrolls of identify {unknown}
 r - 4 scrolls of teleportation {unknown}
 s - 2 scrolls of noise {unknown}
 t - a scroll of enchant armour {unknown}
 v - a scroll of fear {unknown}
Potions
 f - a potion of might {unknown}
 k - 2 potions of flight {unknown}
 u - a potion of curing {unknown}
 w - 2 potions of haste {unknown}
 z - a potion of resistance {unknown}


   Skills:
 * Level 4.2 Fighting
 * Level 3.5 Maces & Flails
 - Level 2.0 Throwing
 * Level 3.5 Dodging


You had 3 spell levels left.
You didn't know any spells.
Your spell library was empty.

Dungeon Overview and Level Annotations

Branches:
Dungeon (3/15)

Altars:
Trog


Innate Abilities, Weirdness & Mutations

You are too large for most types of armour.
You have tough skin. (AC +1)


Message History

No target in view!
No target in view!
No target in view!
No target in view!
No target in view!
The ogre shouts!
An ogre is nearby!
An ogre is nearby!
Throw: 3 throwing nets
Press: ? - help, Q - select action, (/) - cycle Shift-Dir - straight line, f - ogre
Aim: an ogre, wielding a +0 giant spiked club (74% to hit)
You throw a throwing net.
The throwing net barely misses the ogre.
Throw: 2 throwing nets
Press: ? - help, Q - select action, (/) - cycle Shift-Dir - straight line, p - ogre
Okay, then.
Unknown command.
Unknown command.
Throw: large rock
Press: ? - help, Q - select action, (/) - cycle Shift-Dir - straight line, f/p - ogre
Aim: an ogre, wielding a +0 giant spiked club (74% to hit)
You throw a large rock. The large rock hits the ogre!!
The ogre is heavily wounded.
The ogre hits you with a +0 giant spiked club!!
Ouch! That really hurt!
You hit the ogre.
The ogre is severely wounded.
You hit the ogre.
The ogre is severely wounded.
The ogre completely misses you.
You barely miss the ogre.
The ogre is severely wounded.
You hit the ogre but do no damage.
The ogre is severely wounded.
The ogre misses you.
You hit the ogre.
The ogre is severely wounded.
The ogre hits you with a +0 giant spiked club!!
Ouch! That really hurt!
You die...

#.#.# #.######
#.# #......# #.
#.####.#
##......## #
#~..~....# ##.
#....~...#
#...####.~...~..
#..........##.
#...##@......# #
#.O#######
#...#.##(#. .##
###...#.##. .#
#..##........(.
##
.............##
.............#
.......w...
#.....#


You could see an ogre.

Vanquished Creatures
  2 adders (D:2)
  2 worms
  4 dart slugs
  10 endoplasms
  A giant cockroach (D:2)
  6 goblins
  6 hobgoblins
  9 kobolds
  2 quokkas (D:2)
  3 ball pythons
  6 bats
  2 frilled lizards
  8 rats
61 creatures vanquished.

Notes
Turn   | Place    | Note
-------+----------+-------------------------------------------
     0 | D:1      | Martska the Ogre Gladiator began the quest for the Orb.
     0 | D:1      | Reached XP level 1. HP: 22/22 MP: 1/1
    41 | D:1      | Reached skill level 3 in Fighting
    41 | D:1      | Reached XP level 2. HP: 20/31 MP: 2/2
   504 | D:1      | Reached XP level 3. HP: 23/37 MP: 3/3
   995 | D:2      | Found a bloodstained altar of Trog.
  1185 | D:2      | Found a faded altar of an unknown god.
  1424 | D:2      | Reached XP level 4. HP: 47/48 MP: 4/4
  1448 | D:2      | Identified the +1 spear of Dibbeheo {protect, rC+ rN+
                  | rCorr}
  1478 | D:2      | Identified the +3 dagger "Akukhon" {antimagic, Dex+5}
  1579 | D:3      | Noticed an ogre
  1591 | D:2      | Reached skill level 4 in Fighting
  1957 | D:3      | Mangled by an ogre

Illustrated notes

Levels and vault maps discovered:
D:1:      dpeg_arrival_tiny_j, layout_basic
D:2:      layout_loops_ring, basic_altar, shapermc_ecumenical_altar_acropolis
D:3:      layout_loops_ring, minmay_fountain_box,
          chequers_serial_rivers_micro_c, chequers_mini_garden,
          kennysheep_jessica_study

Skill      XL: |  1  2  3  4 |
---------------+-------------+-----
Fighting       | 3 4 |  4.2
Maces & Flails | 3 |  3.5
Dodging        | 3 |  3.5
Throwing       | |  2.0

Action                     |  1- 3 |  4- 6 || total
---------------------------+-------+-------++-------
  Melee: Flail             |    68 |       ||    68
         Whip              |    48 |    53 ||   101
         Punch             |       |     1 ||     1
  Throw: Large rock        |       |     1 ||     1
         Throwing net      |       |     1 ||     1
 Armour: Robe              |    30 |    14 ||    44
  Dodge: Dodged            |    59 |    24 ||    83
